 Dungeon Crawl Stone Soup version 0.19-b1-4-gd8a0a2a (webtiles) character file.

224 LORDOFBUTT the Covert (level 5, -7/37 HPs)
             Began as a Spriggan Assassin on Oct 31, 2016.
             Mangled by an ice beast (10 damage)
             ... on level 4 of the Dungeon.
             The game lasted 00:03:26 (2500 turns).

LORDOFBUTT the Covert (Spriggan Assassin)           Turns: 2500, Time: 00:03:27

Health: -7/37      AC: 22    Str:  7    XL:     5   Next: 67%
Magic:  6/6        EV:  4    Int: 15    God:
Gold:   190        SH:  0    Dex: 18    Spells: 0 memorised, 4 levels left

rFire  . . .     SeeInvis +     y - +0 rapier
rCold  . . .     Gourm    .     (armour currently unavailable)
rNeg   + + +     Faith    .     (shield restricted)
rPois  +         Spirit   .     (helmet currently unavailable)
rElec  .         Reflect  .     (cloak currently unavailable)
rCorr  .         Harm     .     (gloves unavailable)
MR     .....     NoTele   +     (boots unavailable)
Stlth  ++++......               (no amulet)
                                (no ring)
                                h - +2 ring of intelligence

@: tree-form
A: unfitting armour, see invisible, herbivore 3, (speed 0), slow metabolism 2
a: no special abilities


You were on level 4 of the Dungeon.
You were not hungry.
You were a tree.
You visited 1 branch of the dungeon, and saw 4 of its levels.

You collected 190 gold pieces.

Inventory:

Hand Weapons
 a - a +2 dagger
 b - a +0 blowgun
 y - a +0 rapier (weapon)
Missiles
 e - 27 poisoned needles
 f - 2 curare-tipped needles
 A - 8 needles of sleeping
Armour
 o - a +1 cloak (melded)
 s - a +1 robe of fire resistance (melded)
Jewellery
 h - a +2 ring of intelligence (left branch)
Scrolls
 d - a scroll of random uselessness {unknown}
 l - a scroll of fog {unknown}
 m - a scroll of remove curse {unknown}
 p - a scroll of amnesia
 q - a scroll of identify
 r - a scroll of magic mapping {unknown}
 t - 2 scrolls of recharging {unknown}
 u - a scroll of teleportation {unknown}
 w - a scroll of enchant armour {unknown}
 x - a scroll of blinking {unknown}
Potions
 c - a potion of cancellation
 i - a potion of lignification
 n - 2 potions of curing
 v - a potion of agility {unknown}
 z - a potion of heal wounds {unknown}
Comestibles
 g - 3 bread rations
 j - 2 fruits
 k - a slice of pizza


   Skills:
 - Level 1.5 Fighting
 * Level 4.4 Short Blades
 - Level 2.0 Throwing
 + Level 3.9 Dodging
 * Level 8.1 Stealth


You had 4 spell levels left.
You didn't know any spells.

Dungeon Overview and Level Annotations

Branches:
Dungeon (4/15)
 Temple: D:4-7

Altars:
Ashenzari
Fedhas
Nemelex Xobeh
Xom
The Shining One

Annotations:
D:4 CompileTime's ghost, amateur DECj


Innate Abilities, Weirdness & Mutations

You are very small and have problems with some larger weapons.
You are too small for most types of armour.
You have supernaturally acute eyesight. (SInv)
You are a herbivore.
((You cover ground extremely quickly.))
You need consume almost no food.


Message History

The ice beast is lightly wounded.
The ice beast hits you but does no damage.
You closely miss the ice beast.
The ice beast is lightly wounded.
The ice beast hits you but does no damage.
You hit the ice beast but do no damage.
The ice beast is lightly wounded.
The ice beast hits you but does no damage.
You cannot move.
You completely miss the ice beast.
The ice beast is lightly wounded.
The ice beast barely misses you.
You hit the ice beast but do no damage.
The ice beast is lightly wounded.
You barely miss the ice beast.
The ice beast is lightly wounded.
The ice beast hits you.
* * * LOW HITPOINT WARNING * * *
The ice beast freezes you!
You die...

#.......!.#
#......)..#
#.........#
#......?..##
#..........#####
#.......W......#
#..........###.#
#.####Y#.#.###.#
###'#....#.#..WY♣#
#...W..a##.#######
#.......##..
#.......####
#.......#
#########


You could see an ice beast and CompileTime's ghost.

Vanquished Creatures
  Eustachio (D:4)
  A worker ant (D:4)
  2 adders (D:3)
  An ooze (D:4)
  A dart slug (D:3)
  An orc (D:3)
  3 giant cockroaches (D:1)
  6 goblins
  6 hobgoblins
  A quokka (D:2)
  3 ball pythons
  8 bats
  6 frilled lizards
  7 kobolds
  5 rats
52 creatures vanquished.

Notes
Turn   | Place    | Note
-------+----------+-------------------------------------------
     0 | D:1      | LORDOFBUTT the Spriggan Assassin began the quest for the Orb.
     0 | D:1      | Reached XP level 1. HP: 10/10 MP: 2/2
    13 | D:1      | Reached skill level 6 in Stealth
   124 | D:1      | Reached XP level 2. HP: 14/14 MP: 3/3
   627 | D:2      | Reached XP level 3. HP: 18/18 MP: 4/4
   737 | D:2      | Found a blossoming altar of Fedhas.
   761 | D:2      | Found a glowing golden altar of the Shining One.
  1018 | D:2      | Found a shattered altar of Ashenzari.
  1125 | D:2      | Found a sparkling altar of Nemelex Xobeh.
  1768 | D:3      | Found a shimmering altar of Xom.
  1904 | D:3      | Reached skill level 7 in Stealth
  1935 | D:3      | Reached XP level 4. HP: 19/22 MP: 5/5
  2178 | D:4      | Noticed Eustachio
  2186 | D:4      | Killed Eustachio
  2186 | D:4      | Reached XP level 5. HP: 18/25 MP: 6/6
  2191 | D:4      | Noticed CompileTime's ghost (amateur DECj)
  2445 | D:4      | Noticed an ice beast
  2492 | D:4      | Reached skill level 8 in Stealth
  2500 | D:4      | Mangled by an ice beast

Skill      XL: |  1  2  3  4  5 |
---------------+----------------+-----
Stealth        | 6 7 8 |  8.1
Dodging        | 2 3 |  3.9
Short Blades   | 3 4 |  4.4
Fighting       | |  1.5
Throwing       | |  2.0

Action                   |  1- 3 |  4- 6 || total
-------------------------+-------+-------++-------
Melee: Dagger            |    94 |       ||    94
       Rapier            |    22 |    42 ||    64
 Fire: Blowgun           |     2 |       ||     2
  Use: Scroll            |     1 |     2 ||     3
       Potion            |       |     3 ||     3
 Stab: Sleeping          |    19 |     2 ||    21
       Distracted        |       |     1 ||     1
Armor: Robe              |    21 |     2 ||    23
       Skin              |       |    23 ||    23
Dodge: Dodged            |    69 |    20 ||    89
